 Dungeon Crawl Stone Soup version 0.30-b1-2-g02819fbbbe (webtiles) character file.

Game seed: 15226025289814382849

19198 sanka the Skirmisher (level 12, -4/100 HPs)
             Began as a Demigod Enchanter on May 17, 2023.
             Slain by a cyclops (30 damage)
             ... on level 9 of the Dungeon.
             The game lasted 00:19:36 (8095 turns).

sanka the Skirmisher (Demigod Enchanter)            Turns: 8095, Time: 00:19:37

Health: -4/100     AC:  3    Str:  9    XL:     12   Next: 7%
Magic:  18/18      EV: 27    Int: 17    God:
Gold:   308        SH:  0    Dex: 33    Spells: 15/15 levels left

rFire   . . .        g - +8 longbow "Zephyr" {speed, Dex+3 SInv}
rCold   . . .        (shield currently unavailable)
rNeg    . . .        b - +0 robe
rPois   .            (no helmet)
rElec   .            i - +0 cloak
rCorr   .            (no gloves)
SInv    +            (no boots)
Will    +....        C - amulet of magic regeneration
Stlth   +++          h - ring of flight
HPRegen 0.36/turn    u - ring of see invisible
MPRegen 0.56/turn

%: no passive effects
@: about to teleport, marked, flying
A: high MP 1, forlorn, divine attributes
a: no special abilities


You were on level 9 of the Dungeon.
You visited 1 branch of the dungeon, and saw 10 of its levels.
You also visited: Bailey.

You collected 620 gold pieces.
You spent 312 gold pieces at shops.

Inventory:

Hand Weapons
 a - a +1 dagger
 g - the +8 longbow "Zephyr" (weapon) {speed, Dex+3 SInv}
   (You found it on level 2 of the Dungeon)

   Dex:       It affects your dexterity (+3).
   SInv:      It lets you see invisible.
 F - the +7 flail of Acyling {freeze, rPois SInv}
   (You found it in a bailey)

   rPois:     It protects you from poison.
   SInv:      It lets you see invisible.
Armour
 b - a +0 robe (worn)
 f - a +0 helmet
 i - a +0 cloak (worn)
Jewellery
 h - a ring of flight (left hand)
 u - a ring of see invisible (right hand)
 C - an amulet of magic regeneration (around neck)
Wands
 y - a wand of flame (46)
 B - a wand of polymorph (7)
 I - a wand of light (3)
 M - a wand of mindburst (6)
Scrolls
 d - 8 scrolls of fog
 e - 6 scrolls of teleportation {@r4}
 l - 2 scrolls of blinking
 m - 5 scrolls of fear
 n - 3 scrolls of poison {!r}
 q - a scroll of magic mapping
 s - 2 scrolls of amnesia
 t - a scroll of torment {!r}
 v - 2 scrolls of enchant weapon
 x - a scroll of brand weapon
 A - a scroll of vulnerability {!r}
 D - a scroll of noise {!r}
 E - a scroll of butterflies
 J - a scroll of silence {!r}
Potions
 c - 2 potions of invisibility
 j - 3 potions of flight
 k - 2 potions of might
 o - a potion of ambrosia
 p - 2 potions of lignification {!q}
 r - a potion of resistance {unknown}
 w - 4 potions of curing {@q1}
 G - 2 potions of cancellation
 H - a potion of haste {unknown}
 K - a potion of attraction {unknown}
 L - a potion of magic {unknown}


   Skills:
 + Level 7.4 Fighting
 - Level 0.8 Short Blades
 * Level 12.3 Ranged Weapons
 * Level 12.2 Dodging
 - Level 2.6 Stealth
 - Level 2.0 Spellcasting
 - Level 3.6 Hexes


You had 15 spell levels left.
You didn't know any spells.
Your spell library contained the following spells:

 Spells                   Type           Power      Damage    Failure   Level
 Confusing Touch          Hex            13%        N/A       13%         3
 Tukima's Dance           Hex            13%        N/A       13%         3
 Ensorcelled Hibernation  Hex/Ice        14%        N/A       14%         2
 Dazzling Flash           Conj/Hex       14%        N/A       28%         3
 Hailstorm                Conj/Ice       1%         3d3       50%         3
 Ice Form                 Ice/Tmut       1%         N/A       88%         4
 Simulacrum               Ice/Necr       0%         N/A       100%        6


Dungeon Overview and Level Annotations

Branches:
Dungeon (10/15)            Temple (0/1) D:7            Lair (0/5) D:8
    Orc (0/2) D:10         Bailey (visited)

Shops:
D:3 ?   D:8 =[!*


Innate Abilities, Weirdness & Mutations

You have an increased reservoir of magic. (+10% MP)
You shall have no god before yourself.
Your divine heritage dramatically boosts your attributes as you level up.


Message History

There is an open door here.
Things that are here:
a +0 giant spiked club; a +0 giant club The cyclops throws a large rock.
The large rock misses you.
The orc priest mumbles some strange prayers to Beogh against you.
You resist with significant effort. The cyclops hits you!
The orc priest completely misses you.
There is a stone staircase leading up here.
The tengu warrior shoots an arrow.
The arrow barely misses you. The orc priest barely misses you.
The orc knight roars a battlecry!
The orc priest goes into a battle-frenzy!
The cyclops misses you. The large abomination hits you!
You fly upwards.
There is a stone staircase leading down here.
You shoot an arrow. The arrow hits the cyclops!
The cyclops is lightly wounded.
You shoot an arrow. The arrow hits the cyclops!
The cyclops is moderately wounded.
The large abomination completely misses you.
The cyclops hits you!!
* * * LOW HITPOINT WARNING * * *
You feel much better. The large abomination hits you!!
* * * LOW HITPOINT WARNING * * *
As you read the scroll of teleportation {@r4}, it crumbles to dust.
You feel strangely unstable.
The orc priest miscasts a cantrip.
The cyclops completely misses you.
The large abomination barely misses you.
You feel better. The cyclops hits you!
* * * LOW HITPOINT WARNING * * *
Unknown command.
You feel better.
The large abomination barely misses you.
Unknown command.
Unknown command.
You shoot an arrow. The arrow hits the large abomination!
The large abomination is moderately damaged.
The cyclops hits you!!
You die...

........# #.# #.#######..
........# #.# #..........
........# #.# #..........
........# #.# #..........
........# #.# #..######..
........# #.# #..# #.. ........#
#># #..# #.. ........# #X# #..#
#.. ........# #@# #..# #.)
........########C# #..# #..
................o######..# #..
.......................<.# #..
.........^.............).######..
######............####.).........
# #............# #.)......... #
#............# #.).#####... #
#............# #...# #...


You could see a cyclops, a large abomination and an orc priest (strong).

Vanquished Creatures
  Harold (D:10)
  2 vault guards (Bailey)
  A centaur warrior (D:10)
  3 death yaks (D:8)
  2 two-headed ogres
  A tengu warrior (D:9)
  A wizard (D:10)
  A deep elf pyromancer (D:10)
  A manticore (D:10)
  Joseph (D:7)
  Maggie (D:10)
  5 kobold demonologists (D:9)
  A troll (D:9)
  Prince Ribbit (Bailey)
  Grinder (D:4)
  3 shadows (D:10)
  2 wraiths
  27 yaks
  3 humans (Bailey)
  2 steam dragons
  Menkaure (D:7)
  An acid dragon (D:9)
  2 water moccasins
  2 small abominations (D:10)
  2 orc warriors
  A sky beast (D:8)
  A black bear (D:8)
  An ogre (D:6)
  2 phantoms (D:5)
  2 centaurs
  A kobold brigand (D:9)
  14 bullfrogs
  7 scorpions
  A gnoll sergeant (D:10)
  10 wights
  A howler monkey (D:5)
  3 orc priests (D:8)
  A jelly (D:5)
  2 gnoll boudas
  4 hounds
  2 sleepcaps
  4 iguanas
  3 orc wizards
  15 gnolls
  8 adders
  A shadow imp (D:8)
  3 white imps
  An ufetubus (D:6)
  2 worms
  A dart slug (D:1)
  20 orcs
  4 endoplasms
  3 giant cockroaches
  13 hobgoblins
  10 jackals
  9 kobolds
  2 quokkas (D:2)
  5 ball pythons
  8 bats
  2 frilled lizards
  9 goblins
  2 rats (D:1)
  A rat zombie (D:4)
247 creatures vanquished.

Notes
Turn   | Place    | Note
-------+----------+-------------------------------------------
     0 | D:1      | sanka the Demigod Enchanter began the quest for the Orb.
     0 | D:1      | Reached XP level 1. HP: 14/14 MP: 5/5
   188 | D:1      | Reached XP level 2. HP: 15/20 MP: 7/7
   788 | D:2      | Found the +8 longbow "Zephyr" {speed, Dex+3 SInv}
   861 | D:2      | Reached XP level 3. HP: 27/27 MP: 8/8
  1012 | D:2      | Reached skill level 1 in Fighting
  1341 | D:3      | Found Nulib's Magic Scroll Shoppe.
  1353 | D:3      | Reached XP level 4. HP: 36/36 MP: 9/9
  1379 | D:3      | Bought a scroll of teleportation for 36 gold pieces
  1379 | D:3      | Bought a scroll of fear for 48 gold pieces
  1379 | D:3      | Bought a scroll of identify for 24 gold pieces
  1379 | D:3      | Bought a scroll of poison for 48 gold pieces
  1954 | D:4      | Noticed Grinder
  1959 | D:4      | Killed Grinder
  1960 | D:4      | Reached XP level 5. HP: 46/46 MP: 10/10
  1960 | D:4      | Reached XP level 6. HP: 52/52 MP: 11/11
  2172 | D:5      | Entered Level 5 of the Dungeon
  2632 | D:5      | Reached XP level 7. HP: 60/60 MP: 13/13
  2889 | D:5      | Reached skill level 5 in Fighting
  3311 | D:6      | Reached XP level 8. HP: 69/69 MP: 14/14
  3486 | D:6      | Reached skill level 5 in Ranged Weapons
  3585 | D:6      | Reached skill level 5 in Dodging
  3906 | D:7      | Reached XP level 9. HP: 75/75 MP: 15/15
  3967 | D:7      | Found a staircase to the Ecumenical Temple.
  4149 | D:7      | Found a flagged portal.
  4164 | Bailey   | Entered a bailey
  4401 | Bailey   | Noticed Prince Ribbit
  4424 | Bailey   | Killed Prince Ribbit
  4600 | Bailey   | Noticed a vault guard
  4622 | Bailey   | Killed a vault guard
  4643 | Bailey   | Identified the +7 flail of Acyling {freeze, rPois SInv}
  4674 | Bailey   | Noticed a vault guard
  4685 | Bailey   | Killed a vault guard
  4686 | Bailey   | Reached XP level 10. HP: 65/83 MP: 16/16
  4868 | D:7      | Noticed Menkaure
  4872 | D:7      | Killed Menkaure
  5082 | D:7      | Noticed Joseph
  5087 | D:7      | Killed Joseph
  5589 | D:8      | Found Nypnis's General Store.
  5596 | D:8      | Found Cuqis's Distillery.
  5604 | D:8      | Bought a potion of heal wounds for 60 gold pieces
  5604 | D:8      | Bought a potion of cancellation for 96 gold pieces
  5611 | D:8      | Found Denwor's Armour Shop.
  5617 | D:8      | Noticed a death yak
  5660 | D:8      | Noticed a death yak
  5665 | D:8      | Noticed a death yak
  5847 | D:8      | Found Afy Daor's Jewellery Shoppe.
  5907 | D:8      | Found a staircase to the Lair.
  6033 | D:8      | Reached skill level 10 in Ranged Weapons
  6328 | D:8      | Killed a death yak
  6329 | D:8      | Reached skill level 10 in Dodging
  6343 | D:8      | Killed a death yak
  6357 | D:8      | Killed a death yak
  6358 | D:8      | Reached XP level 11. HP: 89/89 MP: 17/17
  6934 | D:9      | Noticed a two-headed ogre
  6937 | D:9      | Killed a two-headed ogre
  7266 | D:10     | Entered Level 10 of the Dungeon
  7326 | D:10     | Found a staircase to the Orcish Mines.
  7371 | D:10     | Noticed Maggie
  7377 | D:10     | Killed Maggie
  7491 | D:10     | Noticed a tengu warrior
  7491 | D:10     | Noticed an orc knight
  7492 | D:10     | Noticed a centaur warrior
  7527 | D:10     | Killed a centaur warrior
  7739 | D:10     | Noticed a wizard
  7749 | D:10     | Killed a wizard
  7935 | D:10     | Noticed a tengu warrior
  7939 | D:10     | Noticed a deep elf pyromancer
  7944 | D:9      | Killed a tengu warrior
  7949 | D:10     | Killed a deep elf pyromancer
  7954 | D:10     | Noticed a two-headed ogre
  7966 | D:10     | Killed a two-headed ogre
  7967 | D:10     | Reached XP level 12. HP: 82/100 MP: 18/18
  8043 | D:10     | Noticed Harold
  8049 | D:10     | Killed Harold
  8085 | D:10     | Identified the ring "Qimiomm" {rF+ rC+ Str+2}
  8095 | D:9      | Slain by a cyclops

Illustrated notes

Levels and vault maps discovered:
D:1:      giann_horns, layout_basic
D:2:      kb_forest_paths, layout_loops_corners
D:3:      layout_basic, serial_shops, nicolae_shop_getting_attention
D:4:      layout_gridville, lemuel_zombie_altar_kikubaaqudgha,
          amcnicky_altar_gilded, uniq_grinder
D:5:      layout_loops_ring
D:6:      minmay_chambers_of_threes, layout_rooms
D:7:      layout_gridville, minmay_temple_entry_trees, enter_bailey_4,
          uniq_joseph, uniq_menkaure
D:8:      layout_gridville, minitemple, dpeg_lair_monsters, serial_shops, shop,
          nicolae_shop_temple_entry_statues_fountains,
          nicolae_shop_tiny_waterfront, nicolae_shop_gaudy_bauble
D:9:      layout_long_grid, mainiacjoe_overflow_catwalk
D:10:     minmay_the_grid_octo_2x2 [minmay_the_grid_octo_fat_diamond,
          minmay_the_grid_octo_teeth, minmay_the_grid_octo_odd_swirl,
          minmay_the_grid_octo_prize_big_c], layout_rooms, fedhas_altar_2,
          mainiacjoe_overflow_six_doors_small, laboratory, uniq_harold,
          uniq_maggie, uniq_gastronok

Skill      XL: |  1  2  3  4  5  6  7  8  9 10 11 |
---------------+----------------------------------+-----
Spellcasting   | 2 |  2.0
Hexes          | 3 |  3.6
Dodging        | 2 3 4 6 8 10 12 | 12.2
Fighting       | 2 4 5 6 7 |  7.4
Ranged Weapons | 2 3 4 6 8 10 12 | 12.3
Short Blades   | |  0.8
Stealth        | |  2.6

Action                     |  1- 3 |  4- 6 |  7- 9 | 10-12 || total
---------------------------+-------+-------+-------+-------++-------
  Melee: Dagger            |    72 |       |       |       ||    72
   Fire: Longbow           |    33 |   102 |   194 |   390 ||   719
    Use: Scroll            |       |     5 |     4 |     9 ||    18
         Potion            |       |       |       |     4 ||     4
   Stab: Sleeping          |     4 |       |       |       ||     4
 Armour: Robe              |    36 |     4 |     4 |     6 ||    50
  Dodge: Dodged            |    72 |    17 |    63 |    69 ||   221
